AoeStats
← Hilux Surf

Arabia

509661419Analyzed
1v1 RM · 5d ago on Sep 27, 2026· 66m 12s· 2 players
Game mode
Random Map
Map size
Tiny (2 player)
Population
200
Speed
Normal
Resources
Standard
Victory
Conquest
Starting age
Dark Age
Ending age
Imperial Age
RankedLock teamsTeams togetherTeam positionsShared explorationLock speedFull tech treeHidden civsTurbo modeCheats
Victory
Defeat
🇨🇦 Britons · Canada
378
+15
🇨🇦 Japanese · Canada
352
-15
Hilux Surf
6:45 Loom
9:33 Feudal Age
13:29 Town Watch
14:23 Wheelbarrow
14:46 Horse Collar
16:56 Double-Bit Axe
22:28 Gold Mining
28:34 Castle Age
26:53 Padded Archer Armor
26:46 Fletching
33:04 Heavy Plow
34:43 Thumb Ring
35:20 Town Patrol
39:13 Yasama
50:21 Scale Mail Armor
50:27 Scale Barding Armor
50:38 Leather Archer Armor
50:19 Bodkin Arrow
50:35 Forging
mazenhassan23
11:35 Feudal Age
18:30 Castle Age
17:34 Double-Bit Axe
17:47 Horse Collar
25:08 Crossbowman
25:40 Gambesons
26:01 Squires
27:53 Gold Mining
29:04 Wheelbarrow
28:16 Man-at-Arms
31:05 Long Swordsman
32:30 Husbandry
33:58 Loom
34:37 Hand Cart
34:40 Town Watch
38:17 Imperial Age
38:25 Arbalester
39:18 Cavalier
40:55 Conscription
41:15 Hoardings
40:37 Fletching
40:51 Padded Archer Armor
41:01 Forging
41:34 Gold Shaft Mining
41:20 Bow Saw
43:29 Two-Handed Swordsman
44:00 Onager
45:04 Champion
49:25 Elite Longbowman
56:56 Iron Casting
56:22 Scale Mail Armor
56:28 Scale Barding Armor
56:22 Bodkin Arrow
56:42 Leather Archer Armor
57:38 Chemistry
57:07 Ballistics
Connection lost

Rejoining the realm…

Still unreachable

The connection could not be restored.

Session expired

The server has moved on; the page needs a fresh start.